 Dungeon Crawl Stone Soup version 0.18.1-6-gd335043 (webtiles) character file.

18232 epen the Cleaver (level 12, -1/106 HPs)
             Began as a Minotaur Fighter on May 18, 2016.
             Was a High Priest of Qazlal.
             Slain by a six-headed hydra (12 damage)
             ... on level 3 of the Lair of Beasts.
             The game lasted 00:21:52 (12256 turns).

epen the Cleaver (Minotaur Fighter)                Turns: 12256, Time: 00:21:53

Health: -1/106     AC: 20    Str: 25    XL:     12   Next: 25%
Magic:  5/15       EV: 13    Int:  9    God:    Qazlal [*****.]
Gold:   841        SH:  7    Dex: 11    Spells: 0 memorised, 11 levels left

rFire  . . .     SeeInvis .     y - +6 hand axe of Qiafab {chop, rC+ Int+4}
rCold  + . .     Gourm    .     u - +0 chain mail (curse)
rNeg   . . .     Faith    .     (no shield)
rPois  .         Spirit   .     (helmet restricted)
rElec  .         Dismiss  .     S - +2 cloak {MR+}
rCorr  .         Reflect  .     k - +0 pair of gloves
SustAt .         Harm     .     R - +0 pair of boots
MR     +....                    (no amulet)
Stlth  ..........               (no ring)
                                P - ring of wizardry

@: protected from physical damage, repel missiles, somewhat resistant to hostile
enchantments, extremely unstealthy
A: retaliatory headbutt, horns 2
a: Upheaval, Elemental Force, Disaster Area, Renounce Religion


You were on level 3 of the Lair of Beasts.
You worshipped Qazlal.
Qazlal was extremely pleased with you.
You were not hungry.

You visited 2 branches of the dungeon, and saw 15 of its levels.
You also visited: Ossuary.

You collected 891 gold pieces.
You spent 50 gold pieces at shops.

Inventory:

Hand Weapons
 h - a +2 hand axe of chopping
 y - the +6 hand axe of Qiafab (weapon) {chop, rC+ Int+4}
   (You found it on level 4 of the Dungeon)

   It inflicts extra damage upon your enemies.
   It affects your intelligence (+4).
   It protects you from cold.
Missiles
 w - a throwing net (quivered)
Armour
 c - a +0 shield
 k - a +0 pair of gloves (worn)
 u - a cursed +0 chain mail (worn)
 O - a +0 plate armour
 R - a +0 pair of boots (worn)
 S - a +2 cloak of magic resistance (worn)
Jewellery
 a - an uncursed ring of ice {unknown}
 P - a ring of wizardry (left hand)
Wands
 x - a wand of enslavement (8/24)
 A - a wand of disintegration (4/24)
 D - a wand of iceblast (12/15)
 E - a wand of digging (11/24)
Scrolls
 l - a scroll of magic mapping
 m - a scroll of amnesia
 n - 5 scrolls of enchant weapon
 o - 4 scrolls of fear
 p - 6 scrolls of identify
 s - a scroll of recharging
 v - 2 scrolls of random uselessness
 C - 2 scrolls of immolation
 F - a scroll of fog
 K - 5 scrolls of remove curse
 L - a scroll of enchant armour {unknown}
 Q - a scroll of noise
 U - 2 scrolls of teleportation
Potions
 b - a potion of cure mutation {unknown}
 d - a potion of might
 e - a potion of invisibility
 g - 2 potions of cancellation
 i - 2 potions of agility
 r - 3 potions of resistance
 t - 4 potions of curing
 z - a potion of heal wounds
 H - 2 potions of ambrosia
 V - 2 potions of flight {unknown}
 Z - a potion of haste {unknown}
Books
 X - a book of Maledictions

   Spells                             Type                      Level
   a - Corona                         Hexes                        1
   b - Ensorcelled Hibernation        Hexes/Ice                    2
   c - Confuse                        Hexes                        3
   d - Tukima's Dance                 Hexes                        3
   e - Dazzling Spray                 Conjuration/Hexes            3
Miscellaneous
 W - a sack of spiders
Comestibles
 f - 13 bread rations
 j - a meat ration
 q - 3 beef jerkies
 B - 5 chunks of flesh
 G - 7 fruits


   Skills:
 + Level 9.9 Fighting
 * Level 12.8 Axes
 + Level 9.7 Armour
 * Level 11.8 Dodging
 + Level 4.9 Shields
 * Level 6.2 Invocations
 + Level 3.4 Evocations


You had 11 spell levels left.
You didn't know any spells.

Dungeon Overview and Level Annotations

Branches:
Dungeon (12/15)            Temple (0/1) D:7            Lair (3/8) D:8
  Swamp: Lair:3-6    Shoals: Lair:3-6     Snake: Lair:3-6    Spider: Lair:3-6
    Orc: D:9-12

Altars:
Ashenzari
Cheibriados
Dithmenos
Elyvilon
Gozag
Kikubaaqudgha
Pakellas
Qazlal
Ru
Trog
Vehumet
Xom
The Shining One

Shops:
D:4 *   D:8 ![[   D:11 ?

Annotations:
D:5 epen's ghost, novice MiFi
D:11 Sonja


Innate Abilities, Weirdness & Mutations

You reflexively headbutt those who attack you in melee.
You have a pair of horns on your head.


Message History

The six-headed hydra is engulfed in freezing vapours.
The six-headed hydra bites you.
* * * LOW HITPOINT WARNING * * *
The six-headed hydra bites you but does no damage. x2
The six-headed hydra bites you.
* * * LOW HITPOINT WARNING * * *
You feel more protected from physical attacks.
The six-headed hydra bites you.
* * * LOW HITPOINT WARNING * * *
The six-headed hydra bites you!
* * * LOW HITPOINT WARNING * * *
Drink which item? (? for menu, Esc to quit)
You feel much better.
The six-headed hydra closely misses you.
You furiously retaliate!
You headbutt the six-headed hydra. The six-headed hydra bites you!
* * * LOW HITPOINT WARNING * * *
The six-headed hydra closely misses you.
The six-headed hydra bites you!
You die...

## ##### ## # ##.
###.#.###.####.#.##
................@.##
........##.######DP#
#.......##..#.##..##
.##.....##.....#...#
.##...............##
.##......#...ยง....#
.##......#.....#...#
.##.........[..##.##
###............##..#


You could see a six-headed hydra.

Vanquished Creatures
  Erica (D:9)
  Urug (Lair:1)
  Nergalle (Lair:1)
  A skeletal warrior (D:10)
  2 hill giants (D:12)
  A torpor snail (Lair:3)
  An elephant (D:8)
  2 black mambas
  2 spiny frogs (Lair:3)
  3 komodo dragons
  3 two-headed ogres
  Prince Ribbit (D:8)
  4 spriggans
  12 yaks
  Sigmund (D:5)
  3 hippogriffs
  A basilisk (Lair:3)
  Menkaure (D:7)
  Duvessa (D:4)
  3 water moccasins (Lair:1)
  3 porcupines
  6 orc warriors
  An ice beast (D:7)
  3 black bears
  An eye of draining (D:10)
  2 sky beasts
  5 ogres
  3 necrophages
  3 phantoms
  7 wolves (Lair:2)
  A centaur (D:6)
  An elf zombie (Ossuary)
  2 big kobolds
  8 giant frogs
  Dowan (D:4)
  5 scorpions
  10 killer bees
  5 wights (D:10)
  2 howler monkeys (D:9)
  3 crimson imps
  2 jellies
  A giant frog zombie (D:8)
  A hound (D:9)
  12 orc wizards
  14 orc priests
  Crazy Yiuf (D:7)
  2 giant frog skeletons
  3 centaur skeletons
  4 iguanas
  13 worker ants
  21 sheep
  2 big kobold zombies (Ossuary)
  A hound zombie (D:5)
  5 mummies
  A howler monkey zombie (D:8)
  2 worker ant zombies
  18 adders
  4 gnolls
  30 river rats
  2 shadow imps
  An ooze (D:2)
  An adder skeleton (D:9)
  4 worms
  2 dart slugs
  3 giant geckos
  54 orcs
  A ball python (D:4)
  8 bats
  7 giant cockroaches
  8 goblins
  11 hobgoblins
  13 jackals
  16 kobolds
  3 quokkas
  A giant gecko zombie (D:8)
  3 giant newts
  5 gnoll zombies (Ossuary)
  5 goblin zombies (Ossuary)
  A jackal skeleton (D:4)
  An orc zombie (Ossuary)
  A quokka skeleton (D:5)
  11 rats
  3 butterflies
  12 fungi
  19 plants
  A withered plant (D:8)
451 creatures vanquished.

Vanquished Creatures (collateral kills)
  A hill giant (D:10)
  A centaur (D:10)
2 creatures vanquished.

Vanquished Creatures (others)
  5 plants
5 creatures vanquished.

Grand Total: 458 creatures vanquished

Notes
Turn   | Place    | Note
--------------------------------------------------------------
     0 | D:1      | epen the Minotaur Fighter began the quest for the Orb.
     0 | D:1      | Reached XP level 1. HP: 19/19 MP: 0/0
    96 | D:1      | Reached skill level 1 in Dodging
    98 | D:1      | Reached XP level 2. HP: 22/26 MP: 1/1
   447 | D:1      | Reached skill level 3 in Axes
   666 | D:1      | Reached XP level 3. HP: 22/31 MP: 2/2
  1048 | D:2      | Found an ancient bone altar of Kikubaaqudgha.
  1084 | D:2      | Reached XP level 4. HP: 32/39 MP: 3/3
  1113 | D:2      | Reached skill level 4 in Axes
  1536 | D:2      | Found a stormy altar of Qazlal.
  1543 | D:2      | Became a worshipper of Qazlal Stormbringer
  1719 | D:3      | Found an oddly glowing altar of Pakellas.
  1733 | D:3      | Reached XP level 5. HP: 41/46 MP: 4/4
  2000 | D:3      | Reached * piety under Qazlal
  2426 | D:3      | Reached skill level 5 in Axes
  2448 | D:4      | Reached skill level 5 in Armour
  2461 | D:4      | Reached XP level 6. HP: 20/52 MP: 5/5
  2682 | D:4      | Noticed Duvessa
  2684 | D:4      | Noticed Dowan
  2695 | D:4      | Killed Duvessa
  2695 | D:4      | Reached skill level 6 in Axes
  2695 | D:4      | Reached XP level 7. HP: 23/60 MP: 6/6
  2698 | D:4      | Killed Dowan
  3015 | D:4      | Reached skill level 5 in Fighting
  3256 | D:4      | Noticed a moth of wrath
  3259 | D:4      | Found a bloodstained altar of Trog.
  3275 | D:4      | Reached ** piety under Qazlal
  3286 | D:4      | Got a shimmering hand axe
  3406 | D:4      | Identified the +6 hand axe of Qiafab {chop, rC+ Int+4} (You found it on level 4 of the Dungeon)
  3458 | D:4      | Found an opulent altar of Gozag.
  3461 | D:4      | Found Gozag's Platinum Reserve.
  3568 | D:4      | Found a shattered altar of Ashenzari.
  3574 | D:4      | Found a white marble altar of Elyvilon.
  3688 | D:5      | Entered Level 5 of the Dungeon
  3699 | D:5      | Noticed epen's ghost (novice MiFi)
  3724 | D:5      | HP: 3/61 [epen's ghost (14)]
  4109 | D:5      | Noticed Sigmund
  4124 | D:5      | Killed Sigmund
  4124 | D:5      | Reached skill level 5 in Dodging
  4193 | D:5      | Reached skill level 7 in Axes
  4193 | D:5      | Reached XP level 8. HP: 52/69 MP: 7/7
  4282 | D:5      | Found a sand-covered staircase.
  4289 | Ossuary  | Entered an ossuary
  4523 | D:5      | Found a shadowy altar of Dithmenos.
  4744 | D:6      | Reached skill level 8 in Axes
  4805 | D:6      | Reached *** piety under Qazlal
  4841 | D:6      | Found a sacrificial altar of Ru.
  5030 | D:6      | Reached XP level 9. HP: 59/78 MP: 8/8
  5367 | D:6      | Found a sacrificial altar of Ru.
  5367 | D:6      | Found a glowing golden altar of the Shining One.
  5824 | D:7      | Noticed Menkaure
  5826 | D:7      | Killed Menkaure
  5826 | D:7      | Reached skill level 9 in Axes
  5882 | D:7      | Noticed Crazy Yiuf
  5885 | D:7      | Killed Crazy Yiuf
  5929 | D:7      | Found a staircase to the Ecumenical Temple.
  5951 | D:7      | Reached **** piety under Qazlal
  6305 | D:7      | Found a runed door.
  6408 | D:7      | Found a snail-covered altar of Cheibriados.
  6532 | D:7      | Found a runed door.
  6571 | D:7      | Reached skill level 10 in Axes
  6853 | D:7      | Found a snail-covered altar of Cheibriados.
  6996 | D:8      | Noticed an elephant
  7005 | D:8      | Killed an elephant
  7006 | D:8      | Found a staircase to the Lair.
  7014 | D:8      | Reached XP level 10. HP: 67/88 MP: 9/9
  7076 | D:8      | Noticed Prince Ribbit
  7083 | D:8      | Killed Prince Ribbit
  7268 | D:8      | Reached skill level 1 in Invocations
  7272 | D:8      | Found Miecsyze's Antique Armour Emporium.
  7293 | D:8      | Found Kehuv's Armour Boutique.
  7330 | D:8      | Found Waag's Distillery.
  7337 | D:8      | Bought a potion of heal wounds for 50 gold pieces
  7377 | D:8      | Reached ***** piety under Qazlal
  7878 | D:9      | Found a radiant altar of Vehumet.
  7885 | D:9      | Found a shimmering altar of Xom.
  8523 | D:9      | Noticed Erica
  8527 | D:9      | Killed Erica
  8527 | D:9      | Reached skill level 11 in Axes
  8527 | D:9      | Reached skill level 10 in Dodging
  8850 | D:10     | Entered Level 10 of the Dungeon
  9049 | D:10     | Noticed a hill giant
  9063 | D:10     | Killed a hill giant
  9259 | D:10     | You fall through a shaft for 2 floors!
  9287 | D:12     | Reached XP level 11. HP: 84/97 MP: 12/12
  9365 | D:12     | Noticed a hill giant
  9374 | D:12     | Killed a hill giant
  9377 | D:12     | Noticed a hill giant
  9393 | D:12     | Killed a hill giant
  9393 | D:12     | Reached skill level 1 in Evocations
  9404 | D:12     | Noticed a skeletal warrior
  9404 | D:12     | Noticed a skeletal warrior
  9407 | D:12     | Noticed a skeletal warrior
  9414 | D:12     | Noticed a skeletal warrior
  9418 | D:12     | Noticed a skeletal warrior
  9429 | D:11     | Found Mixkycwa's Magic Scroll Emporium.
  9429 | D:11     | Noticed Sonja
  9439 | D:10     | Killed a skeletal warrior
 10423 | Lair:1   | Entered Level 1 of the Lair of Beasts
 10428 | Lair:1   | Reached skill level 5 in Invocations
 10470 | Lair:1   | Noticed Urug
 10483 | Lair:1   | Killed Urug
 10483 | Lair:1   | Reached skill level 12 in Axes
 10590 | Lair:1   | Noticed Nergalle
 10600 | Lair:1   | Killed Nergalle
 11389 | Lair:2   | Reached ****** piety under Qazlal
 11394 | Lair:2   | Reached XP level 12. HP: 90/105 MP: 15/15
 12230 | Lair:3   | Noticed a five-headed hydra
 12256 | Lair:3   | Slain by a six-headed hydra

Skill      XL: |  1  2  3  4  5  6  7  8  9 10 11 12 |
---------------+-------------------------------------+-----
Dodging        | 1 2 3 4 5 7 9 10 11 | 11.8
Axes           | 3 4 5 6 7 8 10 11 12 | 12.8
Armour         | 4 5 6 8 9 |  9.7
Fighting       | 4 5 6 8 9 |  9.9
Invocations    | 3 5 6 |  6.2
Evocations     | 3 |  3.4
Shields        | 4 |  4.9

Action                   |  1- 3 |  4- 6 |  7- 9 | 10-12 || total
-------------------------+-------+-------+-------+-------++-------
Melee: War axe           |    25 |       |       |       ||    25
       Headbutt          |     9 |    14 |    74 |    96 ||   193
       Hand axe          |    34 |   137 |   343 |   503 ||  1017
Invok: Elemental Force   |       |       |       |     3 ||     3
       Disaster Area     |       |       |       |     1 ||     1
  Use: Scroll            |       |     1 |    18 |     2 ||    21
       Potion            |       |       |       |     3 ||     3
  Eat: Chunk             |       |     6 |    13 |    16 ||    35
       Pizza             |       |       |       |     1 ||     1
Armor: Scale mail        |    39 |    26 |       |       ||    65
       Chain mail        |       |    23 |    99 |   129 ||   251
Dodge: Dodged            |    47 |    65 |   100 |   173 ||   385
       Deflected         |       |       |     1 |     7 ||     8
Block: Other             |       |     4 |    30 |   119 ||   153
